 Dungeon Crawl Stone Soup version 0.30-a0-42-g806c11bf1d (webtiles) character file.

Game seed: 13022135487450110556

564 SensoryNuts the Slasher (level 7, -1/60 HPs)
             Began as a Yellow Draconian Fighter on Aug 30, 2022.
             Slain by a gnoll
             ... wielding a +0 vorpal halberd
              (7 damage)
             ... on level 5 of the Dungeon.
             The game lasted 00:04:29 (5112 turns).

SensoryNuts the Slasher (Yellow Draconian Fighter)  Turns: 5112, Time: 00:04:29

Health: -1/60      AC:  6    Str: 18 (19) XL:     7   Next: 10%
Magic:  7/7        EV: 12    Int:  6 (8)  God:
Gold:   257        SH:  0    Dex:  9 (12) Spells: 6/6 levels left

rFire   . . .      SeeInvis .    a - +1 long sword
rCold   . . .      Faith    .    b - +0 buckler
rNeg    . . .      Spirit   .    (body armour unavailable)
rPois   .          Reflect  .    (helmet restricted)
rElec   .          Harm     .    (no cloak)
rCorr   +          Rampage  .    (no gloves)
Will    .....                    (no boots)
Stlth   +.........               (no amulet)
HPRegen 0.20/turn                (no ring)
MPRegen 0.10/turn                (no ring)

@: confused, ambrosia-drunk
A: spit acid, AC +6, unfitting armour, cold-blooded, acid resistance
a: Breathe Acid


You were on level 5 of the Dungeon.
You visited 1 branch of the dungeon, and saw 5 of its levels.

You collected 257 gold pieces.

Inventory:

Hand Weapons
 a - a +1 long sword (weapon)
Missiles
 l - 3 throwing nets (quivered)
Armour
 b - a +0 buckler (worn)
Jewellery
 m - a ring of positive energy
 o - a ring of poison resistance
Scrolls
 d - 2 scrolls of teleportation
 g - a scroll of amnesia
 i - 4 scrolls of identify
Potions
 c - 2 potions of curing
 e - a potion of attraction
 h - 2 potions of lignification
 j - a potion of invisibility
 k - a potion of magic
 n - a potion of degeneration


   Skills:
 + Level 4.4 Fighting
 * Level 6.2 Long Blades
 + Level 3.5 Dodging
 + Level 1.6 Stealth
 + Level 3.6 Shields


You had 6 spell levels left.
You didn't know any spells.
Your spell library was empty.

Dungeon Overview and Level Annotations

Branches:
Dungeon (5/15)
 Temple: D:4-7

Altars:
Nemelex Xobeh
Trog
Zin
The Shining One


Innate Abilities, Weirdness & Mutations

You can spit globs of acid.
Your golden yellow scales are hard. (AC +6)
You cannot fit into any form of body armour.
You are cold-blooded and may be slowed by cold attacks.
You are resistant to acid. (rCorr)


Message History

The gnoll barely misses you.
The gnoll hits you from afar with a +0 halberd.
The gnoll barely misses you.
The gnoll hits you from afar with a +0 halberd!
You are too injured to fight recklessly!
You are too injured to fight recklessly!
You are too injured to fight recklessly!
You are too injured to fight recklessly!
You are too injured to fight recklessly!
You are too injured to fight recklessly!
You are too injured to fight recklessly!
Unknown command.
It was a potion of ambrosia.
You are confused.
You feel invigorated. The gnoll misses you.
The gnoll hits you from afar with a +0 halberd.
You miss the gnoll. You tail-slap the gnoll.
You kill the gnoll!
The gnoll hits you from afar with a +0 halberd!
The gnoll hits you but does no damage.
The gnoll hits you from afar with a +0 vorpal halberd!
* * * LOW HITPOINT WARNING * * *
x2
Things that are here:
a +0 spear; a gnoll corpse You barely miss the gnoll.
The gnoll closely misses you. The gnoll misses you.
You slash the gnoll!
The gnoll is severely wounded.
The gnoll hits you from afar with a +0 vorpal halberd!
* * * LOW HITPOINT WARNING * * *
x2 The gnoll barely misses you.
It was a potion of magic.
Magic courses through your body.
The gnoll hits you from afar with a +0 vorpal halberd.
* * * LOW HITPOINT WARNING * * *
x2 The gnoll closely misses you.
It was a potion of degeneration.
There was something very wrong with that liquid.
You feel weakened.
You feel dopey.
You feel clumsy. The gnoll barely misses you.
The gnoll hits you from afar with a +0 vorpal halberd!
You die...

...... # #....# .###
####....# ####...
.......###....### .
#..............( #..
#.....##.....#
#...#####....##.....#
#.gg@!............#
#######.###.#.##.....
#...#[..##.....
######...#....##..
.............## #
.......<.###...#
########## ####


You could see 2 gnolls.

Vanquished Creatures
  Grinder (D:3)
  A phantom (D:4)
  A jelly (D:4)
  2 iguanas (D:4)
  Terence (D:3)
  An orc wizard (D:4)
  3 gnolls
  5 adders
  A white imp (D:4)
  A worm (D:2)
  A dart slug (D:4)
  5 orcs
  6 ball pythons
  11 endoplasms
  5 giant cockroaches
  4 hobgoblins
  A jackal (D:3)
  2 quokkas (D:1)
  2 bats (D:1)
  5 frilled lizards
  4 goblins
  6 kobolds
  5 rats
74 creatures vanquished.

Notes
Turn   | Place    | Note
-------+----------+-------------------------------------------
     0 | D:1      | SensoryNuts the Draconian Fighter began the quest for the
                  | Orb.
     0 | D:1      | Reached XP level 1. HP: 19/19 MP: 1/1
   303 | D:1      | Reached XP level 2. HP: 19/26 MP: 2/2
  1385 | D:2      | Reached XP level 3. HP: 21/31 MP: 3/3
  1502 | D:2      | Found a bloodstained altar of Trog.
  1565 | D:2      | Reached skill level 3 in Long Blades
  2518 | D:3      | Noticed Terence
  2536 | D:3      | Killed Terence
  2537 | D:3      | Reached XP level 4. HP: 28/40 MP: 4/4
  2758 | D:3      | Found a glowing golden altar of the Shining One.
  2926 | D:3      | Found a glowing silver altar of Zin.
  3064 | D:3      | Noticed Grinder
  3078 | D:3      | Killed Grinder
  3079 | D:3      | Reached skill level 5 in Long Blades
  3079 | D:3      | Reached skill level 1 in Stealth
  3079 | D:3      | Reached XP level 5. HP: 11/46 MP: 5/5
  3079 | D:3      | Reached XP level 6. HP: 13/52 MP: 6/6
  4103 | D:4      | Found a sparkling altar of Nemelex Xobeh.
  4589 | D:4      | Found a bloodstained altar of Trog.
  5028 | D:4      | Reached skill level 6 in Long Blades
  5028 | D:4      | Your scales start taking on a golden yellow colour.
  5028 | D:4      | Reached XP level 7. HP: 52/60 MP: 7/7
  5028 | D:4      | Gained mutation: You are resistant to acid. (rCorr) [Yellow
                  | Draconian growth]
  5083 | D:5      | Entered Level 5 of the Dungeon
  5111 | D:5      | HP: 3/60 [gnoll/+0 vorpal halberd (6)]
  5111 | D:5      | HP: 1/60 [gnoll/+0 vorpal halberd (2)]
  5112 | D:5      | Slain by a gnoll

Illustrated notes

Levels and vault maps discovered:
D:1:      lightli_arrival_windingriver, layout_basic
D:2:      layout_loops_cross, basic_altar, lightli_corner_chamber
D:3:      layout_loops_ring, lemuel_round_altar,
          mainiacjoe_overflow_tiny_flanked, hex_large,
          kennysheep_generic_room_16, uniq_grinder, uniq_terence
D:4:      layout_basic, nemelex_spade_bored_becter, trog_antimagical,
          chequers_serial_rivers_micro_b, glass_columns_c
D:5:      layout_rooms, hangedman_glass_teeth

Skill      XL: |  1  2  3  4  5  6 |
---------------+-------------------+-----
Long Blades    | 3 5 6 |  6.2
Dodging        | 3 |  3.5
Fighting       | 4 |  4.4
Stealth        | 1 |  1.6
Shields        | |  3.6

Action                   |  1- 3 |  4- 6 |  7- 9 || total
-------------------------+-------+-------+-------++-------
Melee: Long sword        |   114 |   135 |    13 ||   262
       Tailslap          |    12 |    14 |     3 ||    29
  Use: Scroll            |     9 |     1 |     1 ||    11
       Potion            |     1 |     3 |     3 ||     7
 Stab: Sleeping          |     6 |     4 |       ||    10
Armor: Skin              |    26 |    57 |     3 ||    86
Dodge: Dodged            |    61 |    82 |    14 ||   157
Block: Buckler           |    17 |    35 |     2 ||    54

Table legend: (Time is in decaauts)
 A = Elapsed time spent in this place.
 B = Non-inter-level travel time spent in this place.
 C = Inter-level travel time spent in this place.
 D = Time resting spent in this place.
 E = Time spent auto-exploring this place.
 F = Levels seen in this place.
 G = Mean time per level.
                   A        B        C        D        E       F      G
               +--------+--------+--------+--------+--------+-----+--------+
         Total |   5163 |   5068 |     95 |    347 |   3979 |   5 | 1032.6 |
       Dungeon |   5163 |   5068 |     95 |    347 |   3979 |   5 | 1032.6 |
               +--------+--------+--------+--------+--------+-----+--------+

Top non-repeatable levels by time:
     D:4: 1461 daAuts
     D:1: 1364 daAuts
     D:3: 1190 daAuts
     D:2: 1116 daAuts
     D:5: 30 daAuts
